 Dungeon Crawl Stone Soup version 0.27.1-33-g824d729ab1 (webtiles) character file.

Game seed: 14080556340089314266

322 potato4science the Fighter (level 6, 57/57 HPs)
             Began as a Gnoll Wanderer on Dec 21, 2021.
             Was a Follower of Uskayaw.
             Quit the game on level 5 of the Dungeon.
             The game lasted 00:23:28 (3662 turns).

potato4science the Fighter (Gnoll Wanderer)         Turns: 3662, Time: 00:23:29

Health: 57/57      AC: 11    Str: 14    XL:     6   Next: 47%
Magic:  9/9        EV:  4    Int: 14    God:    Uskayaw [*.....]
Gold:   143        SH:  8    Dex:  8    Spells: 9/9 levels left

rFire    . . .     SeeInvis .   t - +4 short sword
rCold    . . .     Faith    .   c - +0 kite shield
rNeg     . . .     Spirit   .   u - +2 chain mail {rPois}
rPois    +         Reflect  .   (no helmet)
rElec    .         Harm     .   (no cloak)
rCorr    .         Rampage  .   (no gloves)
Will     +....                  (no boots)
Stlth    ..........             (no amulet)
HPRegen  0.19/turn              p - ring of willpower
MPRegen  0.11/turn              (no ring)

@: studying Bows
A: fangs 1, strong nose, distributed training
a: Renounce Religion, Stomp


You were on level 5 of the Dungeon.
You worshipped Uskayaw.
Uskayaw was noncommittal.
You visited 1 branch of the dungeon, and saw 5 of its levels.

You collected 143 gold pieces.

Inventory:

Hand Weapons
 a - a +0 mace
 b - a +0 shortbow
 t - a +4 short sword (weapon)
Missiles
 d - 100 arrows
 e - 14 poisoned darts
 i - 49 bolts
 l - 62 stones (quivered)
Armour
 c - a +0 kite shield (worn)
 u - a +2 chain mail of poison resistance (worn)
 v - a +1 scale mail of fire resistance
Magical Staves
 h - a staff of poison
Jewellery
 p - a ring of willpower (left hand)
Scrolls
 f - a scroll of summoning {unknown}
 g - 3 scrolls of identify
 j - a scroll of holy word
Potions
 m - 2 potions of cancellation {unknown}
 n - a potion of heal wounds {unknown}
 q - 2 potions of haste
 r - 2 potions of mutation {unknown}
 s - a potion of berserk rage {unknown}
 w - a potion of resistance {unknown}


   Skills:
 + Level 8.7 Fighting
 + Level 2.0 Short Blades
 + Level 2.0 Long Blades
 + Level 3.2 Axes
 + Level 2.0 Maces & Flails
 + Level 2.0 Polearms
 + Level 2.0 Staves
 + Level 2.0 Slings
 + Level 3.6 Bows
 + Level 2.0 Crossbows
 + Level 3.2 Throwing
 + Level 5.0 Armour
 + Level 2.0 Dodging
 + Level 2.0 Stealth
 + Level 3.2 Shields
 + Level 2.0 Unarmed Combat
 + Level 2.0 Spellcasting
 + Level 1.5 Conjurations
 + Level 1.5 Hexes
 + Level 1.5 Summonings
 + Level 1.5 Necromancy
 + Level 1.5 Translocations
 + Level 1.5 Transmutations
 + Level 1.5 Fire Magic
 + Level 1.5 Ice Magic
 + Level 1.5 Air Magic
 + Level 1.5 Earth Magic
 + Level 1.5 Poison Magic
 + Level 2.2 Invocations
 + Level 2.0 Evocations


You had 9 spell levels left.
You didn't know any spells.
Your spell library contained the following spells:

 Spells                   Type           Power      Damage    Failure   Level
 Blink                    Tloc           N/A        N/A       100%        2
 Animate Armour           Summ/Erth      10%        N/A       100%        4
 Blade Hands              Tmut           2%         N/A       100%        5
 Manifold Assault         Tloc           5%         N/A       100%        5
 Iron Shot                Conj/Erth      2%         9d2       100%        6
 Storm Form               Tmut/Air       2%         N/A       100%        7


Dungeon Overview and Level Annotations

Branches:
Dungeon (4/15)
 Temple: D:4-7

Altars:
Uskayaw
Yredelemnul


Innate Abilities, Weirdness & Mutations

You have very sharp teeth.
Your uncanny sense of smell can sniff out nearby items.
Your experience applies equally to all skills.


Message History

You kill the ball python!
f - a scroll labelled XEGRON INKILLA
Things that are here:
a +0 scythe; a +0 robe You see here a ball python corpse.
There is a stone staircase leading up here.
You can no longer pass through a line of other dancers.
Your extra speed is starting to run out.
You feel yourself slow down.
You hear the slow hiss of a very distant avalanche of sand.
You climb upwards.
There is a stone staircase leading down here.
Magic restored.
You see here a +0 dagger.
There is a stone staircase leading down here.
You start resting.
HP restored.
You climb downwards.
You hear the hiss of flowing sand.
There is an entrance to an ossuary on this level.
Hurry and find it before the portal is buried!
You hear the hiss of a very distant avalanche of sand.
There is a stone staircase leading up here.
There is a stone staircase leading up here.
Found a glaive and 9 gold pieces.
You now have 143 gold pieces (gained 9).
You hear the brisk hiss of an avalanche of sand nearby.
An ogre comes into view. It is wielding a +0 giant club.
The ogre shouts!
The ogre moves out of view.
Found a hunting sling.
You fall into a shaft and drop 1 floor!
The shaft crumbles and collapses.
Unknown command.
You open the door.
Found 12 gold pieces.
Found a long sword.
Found a stone staircase leading down.
There is an open door here.
A hound zombie comes into view.
You see here 12 gold pieces.
Are you sure you want to abandon this character and quit the game? (Confirm with "yes".)

#.#.# # #.#.#.#
#.#.#.####
###.#......
.....>##.# .
###......# #
....##......###.#
.......@$...'...#
...###......#####
#......# #......#
#......# #Z.....#
#...)..+ #......#


You could see a hound zombie.

Vanquished Creatures
  Sigmund (D:4)
  A bullfrog skeleton (D:2)
  A howler monkey zombie (D:3)
  4 adders
  A worm (D:2)
  5 dart slugs
  3 orcs (D:3)
  9 ball pythons
  8 endoplasms
  5 giant cockroaches
  3 goblins
  3 hobgoblins
  4 quokkas
  6 bats
  3 frilled lizards (D:2)
  5 kobolds
  10 rats
72 creatures vanquished.

Notes
Turn   | Place    | Note
-------+----------+-------------------------------------------
     0 | D:1      | potato4science the Gnoll Wanderer began the quest for the
                  | Orb.
     0 | D:1      | potato4science set off with the following items: a +0 mace,
                  | a +0 kite shield, a +0 shortbow, 26 arrows, a +0 robe
     0 | D:1      | Reached XP level 1. HP: 26/26 MP: 1/1
   258 | D:1      | Reached XP level 2. HP: 27/33 MP: 2/2
   870 | D:1      | Reached XP level 3. HP: 36/38 MP: 3/3
  1247 | D:1      | Reached skill level 1 in Invocations
  1614 | D:2      | Reached skill level 1 in Short Blades
  1614 | D:2      | Reached skill level 1 in Long Blades
  1614 | D:2      | Reached skill level 1 in Maces & Flails
  1614 | D:2      | Reached skill level 1 in Polearms
  1614 | D:2      | Reached skill level 1 in Staves
  1614 | D:2      | Reached skill level 1 in Slings
  1614 | D:2      | Reached skill level 1 in Crossbows
  1614 | D:2      | Reached skill level 1 in Dodging
  1614 | D:2      | Reached skill level 1 in Stealth
  1614 | D:2      | Reached skill level 1 in Unarmed Combat
  1614 | D:2      | Reached skill level 1 in Spellcasting
  1614 | D:2      | Reached skill level 1 in Evocations
  1614 | D:2      | Reached XP level 4. HP: 13/45 MP: 5/5
  1947 | D:2      | Reached skill level 1 in Conjurations
  1947 | D:2      | Reached skill level 1 in Hexes
  1947 | D:2      | Reached skill level 1 in Summonings
  1947 | D:2      | Reached skill level 1 in Necromancy
  1947 | D:2      | Reached skill level 1 in Translocations
  1947 | D:2      | Reached skill level 1 in Transmutations
  1947 | D:2      | Reached skill level 1 in Fire Magic
  1947 | D:2      | Reached skill level 1 in Ice Magic
  1947 | D:2      | Reached skill level 1 in Air Magic
  1947 | D:2      | Reached skill level 1 in Earth Magic
  1947 | D:2      | Reached skill level 1 in Poison Magic
  2319 | D:2      | Found a faded altar of an unknown god.
  2325 | D:2      | Became a worshipper of Uskayaw the Reveller
  2325 | D:2      | Reached * piety under Uskayaw
  2539 | D:3      | Reached ** piety under Uskayaw
  2638 | D:3      | Reached XP level 5. HP: 51/51 MP: 6/6
  2766 | D:3      | Found a basalt altar of Yredelemnul.
  3361 | D:4      | Noticed Sigmund
  3375 | D:4      | Killed Sigmund
  3375 | D:4      | Reached *** piety under Uskayaw
  3376 | D:4      | Reached skill level 5 in Armour
  3376 | D:4      | Reached XP level 6. HP: 17/57 MP: 5/9
  3654 | D:4      | You fall into a shaft and drop 1 floor!
  3654 | D:5      | Entered Level 5 of the Dungeon
  3662 | D:5      | Quit the game

Illustrated notes

Levels and vault maps discovered:
D:1:      mrwooster_arrival_statue_2, layout_basic
D:2:      layout_loops_ring, shapermc_ecumenical_altar_petra,
          minmay_quadrilaterals
D:3:      layout_basic, lemuel_round_altar
D:4:      layout_loops_ring, palyth_temple_overflow_mages, xom_teletrap_fun,
          minmay_temple_entry_large_hall, enter_ossuary_3,
          kennysheep_generic_room_4, uniq_sigmund, uniq_pikel
D:5:      layout_basic, zin_statuary, grunt_ministairs_6,
          uniq_crazy_yiuf_cottage, uniq_grinder

Skill      XL: |  1  2  3  4  5 |
---------------+----------------+-----
Invocations    | 1 2 |  2.2
Short Blades   | 1 2 |  2.0
Long Blades    | 1 2 |  2.0
Maces & Flails | 1 2 |  2.0
Polearms       | 1 2 |  2.0
Staves         | 1 2 |  2.0
Slings         | 1 2 |  2.0
Crossbows      | 1 2 |  2.0
Dodging        | 1 2 |  2.0
Stealth        | 1 2 |  2.0
Unarmed Combat | 1 2 |  2.0
Spellcasting   | 1 2 |  2.0
Evocations     | 1 2 |  2.0
Conjurations   | 1 |  1.5
Hexes          | 1 |  1.5
Summonings     | 1 |  1.5
Necromancy     | 1 |  1.5
Translocations | 1 |  1.5
Transmutations | 1 |  1.5
Fire Magic     | 1 |  1.5
Ice Magic      | 1 |  1.5
Air Magic      | 1 |  1.5
Earth Magic    | 1 |  1.5
Poison Magic   | 1 |  1.5
Bows           | 3 |  3.6
Axes           | 3 |  3.2
Throwing       | 3 |  3.2
Shields        | 3 |  3.2
Armour         | 5 |  5.0
Fighting       | |  8.7

Action                   |  1- 3 |  4- 6 || total
-------------------------+-------+-------++-------
Melee: Mace              |   118 |    34 ||   152
       Bite              |     9 |     9 ||    18
       Short sword       |       |    85 ||    85
 Fire: Shortbow          |     5 |       ||     5
Throw: Stone             |    27 |    46 ||    73
Invok: Stomp             |       |     3 ||     3
  Use: Scroll            |       |     6 ||     6
       Potion            |       |     1 ||     1
 Stab: Paralysed         |       |     1 ||     1
Armor: Leather armour    |    14 |       ||    14
       Ring mail         |    36 |    13 ||    49
       Chain mail        |       |    61 ||    61
Dodge: Dodged            |    46 |    27 ||    73
Block: Kite shield       |    44 |    60 ||   104
